Match 46647986
Unlisted

Match 46647986
End
Construct Section Command Post
Selects Canadian Shock Battlegroup
Infantry Section
Infantry Section
Grenade Package
Infantry Section
Selects Incendiary Munitions
Construct Field Infirmary
Royal Engineer Section
Selects Incendiary Munitions
Construct Platoon Command Post
6-pounder Anti-tank Gun Team
6-pounder Anti-tank Gun Team
6-pounder Anti-tank Gun Team
Selects Offensive Resupply
Construct Company Command Post
Selects Pyrotechnics
Vickers Machine Gun Team
Matilda II Heavy Tank
Selects Canadian Shock Section
Selects Smoke Operation
Crusader II Medium Tank
Unlock Towed 17-pounder Anti-tank Guns
Foot Guards Section
Selects Churchill Crocodile Heavy Tank
Selects Demolition Engineering
Smoke Operation
Angrybirds
ProxyFox
putTykn1fe
Sev | Stryker
0
0

Comments sign in to comment!

No comments posted yet!